 Dungeon Crawl Stone Soup version 0.25-a0-857-g60a0bcd (webtiles) character file.

Game seed: 10930009430100060494, levelgen mode: deterministic

110 Illumine the Shooter (level 4, -2/38 HPs)
             Began as a Centaur Hunter on Apr 26, 2020.
             Killed by divine providence
             ... invoked by an orc priest
              (9 damage)
             ... on level 3 of the Dungeon.
             The game lasted 00:04:07 (2396 turns).

Illumine the Shooter (Centaur Hunter)               Turns: 2396, Time: 00:04:09

Health: -2/38      AC:  4    Str: 16    XL:     4   Next: 61%
Magic:  4/4        EV: 10    Int: 10    God:
Gold:   97         SH:  0    Dex:  9    Spells: 3/3 levels left

rFire    . . .     SeeInvis .   a - +1 shortbow
rCold    . . .     Gourm    .   (shield currently unavailable)
rNeg     . . .     Faith    .   c - +0 leather armour
rPois    .         Spirit   .   (no helmet)
rElec    .         Reflect  .   (no cloak)
rCorr    .         Harm     .   (no gloves)
MR       .....                  (no barding)
Stlth    +.........             (no amulet)
HPRegen  0.12/turn              (no ring)
MPRegen  0.09/turn              (no ring)

@: very quick
A: large, hooves 3, deformed body, speed 2, tough skin 3
a: no special abilities


You were on level 3 of the Dungeon.
You were not hungry.

You visited 1 branch of the dungeon, and saw 3 of its levels.

You collected 97 gold pieces.

Inventory:

Hand Weapons
 a - a +1 shortbow (weapon)
 b - a +0 short sword
Missiles
 d - 73 arrows (quivered)
 e - 12 boomerangs
Armour
 c - a +0 leather armour (worn)
Jewellery
 g - an uncursed ring of protection from cold {unknown}
Scrolls
 j - 4 scrolls of remove curse {unknown}
 k - a scroll of identify {unknown}
 l - a scroll of teleportation {unknown}
 m - a scroll of amnesia {unknown}
Potions
 h - a potion of ambrosia {unknown}
 i - a potion of heal wounds {unknown}
 n - a potion of might {unknown}
 o - a potion of curing {unknown}
 q - a potion of degeneration {unknown}
 r - a potion of lignification {unknown}
Comestibles
 f - 5 rations
 p - a chunk of flesh


   Skills:
 + Level 3.1 Fighting
 + Level 5.7 Bows
 + Level 1.4 Armour
 + Level 2.2 Dodging
 - Level 0.4 Stealth


You had 3 spell levels left.
You didn't know any spells.
Your spell library was empty.

Dungeon Overview and Level Annotations

Branches:
Dungeon (3/15)

Altars:
Zin


Innate Abilities, Weirdness & Mutations

You have hooves in place of feet.
Armour fits poorly on your strangely shaped body.
You cover ground very quickly.
You have extremely tough skin. (AC +3)


Message History

You shoot an arrow.
The arrow hits the orc but does no damage.
The orc hits you.
* * * LOW HITPOINT WARNING * * *
Firing (i - inventory. (/) - cycle)
d - 75 arrows (quivered)
Press: ? - help, Shift-Dir - straight line, f/p - orc priest
Aim: an orc priest, wielding a +0 club and wearing a +0 scale mail (severely wounded)
You shoot an arrow. The arrow hits the orc.
The orc is severely wounded.
The orc hits you but does no damage.
Firing (i - inventory. (/) - cycle)
d - 74 arrows (quivered)
Press: ? - help, Shift-Dir - straight line, f/p - orc priest
Aim: an orc priest, wielding a +0 club and wearing a +0 scale mail (severely wounded)
You shoot an arrow. The arrow closely misses the orc.
The arrow hits the orc priest but does no damage.
The orc priest is severely wounded.
The orc hits you but does no damage.
The orc priest mumbles some strange prayers to Beogh against you.
Beogh smites you!
You die...

###..............
##...#.###........
#....#.# ##..#####
#..>##.####.##
#####..###.##...#
#..)...# #.##.##. .
##.##.### #.##.# . ...
.##..##)#####.##.##....(
..........@oo(((().((..(
...####.#####...##....##
#.## #.# ##.......##.#
#. #.# #......#.... #
#.# ###.##...... #.# #.#
##.### #.# #.# .# #.#
... # ..#


You could see an orc priest and an orc.

Vanquished Creatures
  An orc wizard (D:3)
  An adder (D:2)
  2 oozes (D:2)
  2 worms (D:2)
  2 dart slugs
  4 leopard geckos (D:2)
  4 orcs (D:3)
  A giant cockroach (D:1)
  4 goblins
  4 hobgoblins
  2 jackals (D:2)
  4 kobolds
  A quokka (D:2)
  A ball python (D:2)
  6 bats
  4 frilled lizards
  7 rats
50 creatures vanquished.

Notes
Turn   | Place    | Note
-------+----------+-------------------------------------------
     0 | D:1      | Illumine the Centaur Hunter began the quest for the Orb.
     0 | D:1      | Reached XP level 1. HP: 17/17 MP: 1/1
   537 | D:1      | Reached XP level 2. HP: 13/24 MP: 2/2
   933 | D:2      | Found a glowing silver altar of Zin.
   934 | D:2      | Noticed an angel
  1170 | D:2      | Reached XP level 3. HP: 27/30 MP: 3/3
  1300 | D:2      | Reached skill level 1 in Armour
  1773 | D:2      | Reached XP level 4. HP: 18/37 MP: 4/4
  2396 | D:3      | Killed from afar by an orc priest

Levels and vault maps discovered:
D:1:      dpeg_arrival_pond, layout_loops_ring, minmay_misc_feat_ornament
D:2:      layout_basic, zin_angel, first_ration
D:3:      layout_rooms, kennysheep_slug_shrine

Skill      XL: |  1  2  3  4 |
---------------+-------------+-----
Armour         | 1 |  1.4
Dodging        | 2 |  2.2
Fighting       | 3 |  3.1
Bows           | |  5.7
Stealth        | |  0.4

Action                   |  1- 3 |  4- 6 || total
-------------------------+-------+-------++-------
Melee: Short sword       |   107 |    28 ||   135
       Kick              |    21 |     4 ||    25
 Fire: Shortbow          |    20 |    21 ||    41
Throw: Boomerang         |    23 |       ||    23
  Eat: Chunk             |     2 |     2 ||     4
Armor: Leather armour    |    38 |    11 ||    49
Dodge: Dodged            |    64 |    11 ||    75

Table legend:
 A = Non-vault XP
 B = Vault XP
 C = Vault XP percentage of total XP
 D = Non-vault monster count
 E = Vault monster count
 F = Vault count percentage of total count
                 A         B        C        D         E       F
            +---------+---------+-------+---------+---------+-------
      Total |     158 |       0 |   0.0 |      50 |       0 |   0.0
            +---------+---------+-------+---------+---------+-------
        D:1 |      17 |       0 |   0.0 |      11 |       0 |   0.0
        D:2 |      80 |       0 |   0.0 |      29 |       0 |   0.0
        D:3 |      61 |       0 |   0.0 |      10 |       0 |   0.0
            +---------+---------+-------+---------+---------+-------
